AoeStats
← 鄙人張麻子

Arena

503814708Analyzed
4v4 RM · 1mo ago on Sep 2, 2026· 30m 13s· 8 players
Game mode
Random Map
Map size
Large (8 player)
Population
200
Speed
Normal
Resources
Standard
Victory
Conquest
Starting age
Dark Age
Ending age
Imperial Age
RankedLock teamsTeams togetherTeam positionsShared explorationLock speedFull tech treeHidden civsTurbo modeCheats
Victory
Defeat
🇹🇼 Ethiopians · Taiwan
1124
+15
🇹🇼 Slavs · Taiwan
1094
+16
🇹🇼 Franks · Taiwan
1075
+17
🇨🇳 Huns · China
1017
+19
🇫🇷 Mongols · France
1166
-20
🇨🇳 Franks · China
1093
-17
🇩🇪 Burgundians · Germany
1088
-17
🇨🇳 Inca · China
1021
-13
b7ackwar
11:34 Feudal Age
9:50 Loom
15:14 Castle Age
13:18 Double-Bit Axe
13:18 Horse Collar
14:20 Bow Saw
23:24 Squires
24:57 Pikeman
26:46 Scale Mail Armor
26:56 Forging
30:28 Chain Mail Armor
30:49 Iron Casting
Mr.Young
10:43 Feudal Age
14:27 Castle Age
12:35 Double-Bit Axe
24:22 Wheelbarrow
28:50 Imperial Age
26:52 Gold Mining
28:23 Gold Shaft Mining
27:56 Scale Barding Armor
27:38 Loom
29:57 Chain Barding Armor
29:57 Loom
29:34 Cavalier
30:15 Husbandry
30:37 Conscription
31:16 Plate Barding Armor
30:52 Forging
微氓
11:21 Feudal Age
15:19 Castle Age
13:27 Double-Bit Axe
17:35 Horse Collar
19:23 Gold Mining
20:44 Bow Saw
22:04 Heavy Plow
24:57 Wheelbarrow
26:12 Hand Cart
26:14 Champi Runner
26:55 Squires
26:41 Arson
29:37 Imperial Age
27:49 Gold Shaft Mining
26:47 Champi Runner
27:28 Squires
27:14 Arson
27:46 Forging
27:36 Scale Mail Armor
29:22 Champi Warrior
lucascroenne
10:26 Feudal Age
11:10 Double-Bit Axe
11:07 Horse Collar
16:32 Castle Age
14:52 Stone Mining
16:17 Gold Mining
16:58 Fletching
16:59 Loom
17:50 Bow Saw
17:44 Heavy Plow
17:59 Fletching
19:13 Stone Shaft Mining
relax
10:42 Feudal Age
11:48 Double-Bit Axe
14:42 Castle Age
12:35 Horse Collar
13:49 Loom
15:03 Wheelbarrow
17:03 Wheelbarrow
16:47 Bow Saw
22:03 Heavy Plow
21:34 Light Cavalry
22:29 Bloodlines
22:21 Gold Mining
22:51 Scale Barding Armor
23:48 Hand Cart
24:20 Husbandry
24:57 Gold Shaft Mining
26:28 Forging
26:21 Stone Mining
27:18 Chain Barding Armor
31:05 Imperial Age
29:25 Iron Casting
28:56 Town Watch
鄙人張麻子
10:42 Feudal Age
14:36 Castle Age
12:25 Double-Bit Axe
12:23 Horse Collar
15:18 Heavy Plow
15:29 Bow Saw
20:45 Wheelbarrow
23:21 Hand Cart
27:41 Imperial Age
25:27 Gold Mining
26:03 Fletching
26:04 Loom
27:05 Ballistics
26:53 Stone Mining
26:50 Town Watch
27:02 Bodkin Arrow
27:08 Padded Archer Armor
27:01 Crossbowman
27:51 Thumb Ring
28:31 Bracer
29:34 Chemistry
27:58 Arbalester
29:34 Leather Archer Armor
29:20 Caravan
31:00 Ring Archer Armor
30:41 Scale Mail Armor
小蝦米跟大鯨魚
11:48 Feudal Age
15:33 Castle Age
14:05 Gold Mining
14:03 Double-Bit Axe
17:16 Pikeman
22:45 Bow Saw
28:19 Wheelbarrow
30:07 Horse Collar
世紀垃圾
10:52 Feudal Age
14:45 Castle Age
13:38 Double-Bit Axe
14:39 Scale Barding Armor
14:47 Forging
14:46 Gold Mining
15:49 Chain Barding Armor
22:42 Bow Saw
29:29 Gold Shaft Mining
32:15 Imperial Age
Connection lost

Rejoining the realm…

Still unreachable

The connection could not be restored.

Session expired

The server has moved on; the page needs a fresh start.